 Dungeon Crawl Stone Soup version 0.16-b1 (webtiles) character file.

27034 Zapata the Bludgeoner (level 13, -2/123 HPs)
             Began as a Kobold Berserker on Mar 15, 2015.
             Was the Champion of Trog.
             Slain by a griffon (9 damage)
             ... on level 4 of the Lair of Beasts.
             The game lasted 00:32:25 (17644 turns).

Zapata the Bludgeoner (Kobold Berserker)           Turns: 17644, Time: 00:32:25

Health: -2/123     AC: 14    Str: 29    XL:     13   Next: 62%
Magic:  4/4        EV: 24    Int:  5    God:    Trog [******]
Gold:   1033       SH:  7    Dex: 21    Spells: 0 memorised, 12 levels left

rFire  . . .     SeeInvis +     a - +2 morningstar (antimagic)
rCold  . . .     Clarity  .     G - +3 leather armour {rPois}
rNeg   . . .     SustAb   .     J - +0 buckler
rPois  +         Gourm    .     (no helmet)
rElec  .         Spirit   .     f - +2 cloak
rCorr  .         Warding  .     r - +0 pair of gloves
rMut   .         Stasis   .     S - +2 pair of boots of Grace {Str+9}
MR     .....                    n - amulet of faith
Stlth  ..........               k - ring of see invisible
                                u - ring of stealth

@: berserking, very quick, not resistant to hostile enchantments, extremely
unstealthy
A: carnivore 3
a: Burn Spellbooks, Berserk, Trog's Hand, Brothers in Arms, Renounce Religion


You were on level 4 of the Lair of Beasts.
You worshipped Trog.
Trog was exalted by your worship.
You were not hungry.

You visited 2 branches of the dungeon, and saw 16 of its levels.
You also visited: Ossuary.

You collected 1033 gold pieces.

Inventory:

Hand weapons
 a - a +2 antimagic morningstar (weapon)
 b - a +3 hand crossbow of flaming
Missiles
 g - 41 bolts
 x - 2 tomahawks
 A - 4 tomahawks of returning (quivered)
Armour
 f - a +2 cloak (worn)
 r - a +0 pair of gloves (worn)
 G - a +3 leather armour of poison resistance (worn)
 J - a +0 buckler (worn)
 S - the +2 pair of boots of Grace (worn) {Str+9}
   (You found it on level 10 of the Dungeon)

   It affects your strength (+9).
Jewellery
 k - a ring of see invisible (right hand)
 n - an amulet of faith (around neck)
 u - a ring of stealth (left hand)
 U - an uncursed ring of poison resistance
Magical devices
 p - a wand of cold (0)
 y - a wand of disintegration (8)
 E - a wand of lightning (0)
 F - a wand of heal wounds (6)
Scrolls
 m - a scroll of immolation
 q - 2 scrolls of blinking
 D - 7 scrolls of teleportation
 H - 4 scrolls of fog
 O - 2 scrolls of recharging
 R - 5 scrolls of magic mapping
 T - a scroll of remove curse
Potions
 d - 4 potions of agility
 e - 4 potions of flight {unknown}
 h - a potion of resistance {unknown}
 i - 3 potions of cancellation {unknown}
 j - 7 potions of heal wounds {unknown}
 l - 4 potions of mutation {unknown}
 o - 10 potions of curing {unknown}
 t - a potion of cure mutation {unknown}
 v - a potion of decay {unknown}
 w - a potion of lignification {unknown}
 z - 5 potions of might {unknown}
 C - a potion of poison {unknown}
 I - 2 potions of ambrosia {unknown}
 M - a potion of haste {unknown}
 N - a potion of invisibility {unknown}
 P - a potion of beneficial mutation {unknown}
 Q - a potion of magic {unknown}
 V - a potion of brilliance {unknown}
 W - 3 potions of restore abilities {unknown}
Comestibles
 c - 5 meat rations
 L - 10 beef jerkies


   Skills:
 - Level 10.1 Fighting
 - Level 16.0 Maces & Flails
 + Level 4.6 Crossbows
 - Level 3.7 Armour
 - Level 10.2 Dodging
 - Level 5.0 Stealth
 + Level 4.3 Shields


You had 12 spell levels left.
You didn't know any spells.

Dungeon Overview and Level Annotations

Branches:
Dungeon (12/15)            Temple (0/1) D:7            Lair (4/8) D:11
  Swamp (0/5) Lair:3        Snake (0/5) Lair:3          Orc (0/4) D:10

Altars:
Ashenzari
Dithmenos
Elyvilon
Makhleb
Okawaru
Sif Muna
Trog
Zin


Innate Abilities, Weirdness & Mutations

You are small and have problems with some larger weapons.
You are carnivorous and can eat meat at any time.


Message History

The hippogriff misses you. x2
You hit the wyvern.
You kill the wyvern!
Trog accepts your kill.
The hippogriff bites you but does no damage.
The hippogriff misses you. The hippogriff closely misses you.
You impale the wyvern!!
You kill the wyvern!
Trog accepts your kill. The hippogriff completely misses you.
You block the hippogriff's attack. The hippogriff misses you.
You impale the griffon!!
The griffon is moderately wounded.
You block the hippogriff's attack. The hippogriff closely misses you.
The hippogriff misses you. The griffon bites you.
* * * LOW HITPOINT WARNING * * *
The griffon pecks you.
* * * LOW HITPOINT WARNING * * *
The griffon claws you!
You die...

### ## ##.####.##
#######......... #..
.............# #......
#...!....#
##.......###....†..#
#..............#@#####
#...#.#.P......#HHH..#
.....##.##.....#lk...#
............#..#H....#
<..............#.....#
..........P..[##.....#
#....##..#....##...}.#
.....##...#....#######..
..#P..#.................


You could see a griffon, 3 hippogriffs, a basilisk and a fire drake.

Vanquished Creatures
  Gastronok (Lair:2)
  A hydra (Lair:2)
  2 unseen horrors
  A hill giant (D:11)
  Pikel (D:5)
  2 ugly things
  4 black mambas
  2 spiny frogs
  4 gargoyles
  3 komodo dragons
  Eustachio (D:5)
  2 fire drakes
  A troll (D:12)
  A two-headed ogre (D:8)
  A basilisk (Lair:4)
  A trapdoor spider (D:11)
  5 wyverns
  4 deep elf magi
  11 yaks
  7 hippogriffs
  3 vampire mosquitoes (D:12)
  3 hungry ghosts
  A mottled dragon (D:12)
  4 nagas (Lair:3)
  5 water moccasins
  5 porcupines
  Purgy (D:3)
  5 orc warriors
  4 phantoms
  2 wasps (D:11)
  6 ogres
  5 ice beasts
  5 centaurs
  Sigmund (D:6)
  6 crocodiles
  11 giant frogs
  Blork the orc (D:9)
  5 scorpions
  29 killer bees
  4 wights
  2 goliath beetles
  4 crimson imps
  4 electric eels (Lair:3)
  A quasit (D:7)
  A human zombie (Ossuary)
  2 giant frog skeletons
  3 giant frog zombies
  10 hounds
  2 centaur skeletons
  A centaur zombie (D:8)
  14 iguanas
  5 orc priests
  2 orc wizards
  10 worker ants
  2 big kobold zombies (Ossuary)
  13 sheep
  Jessica (D:2)
  2 hound skeletons (D:4)
  3 mummies
  30 river rats
  27 adders
  A giant mite (D:8)
  3 worms
  3 adder zombies (Ossuary)
  3 adder skeletons
  4 giant geckos
  48 orcs
  2 bat skeletons (D:4)
  A bat zombie (D:6)
  9 goblins
  20 hobgoblins
  8 jackals
  11 quokkas
  2 ball pythons (D:1)
  12 bats
  5 giant cockroaches
  A giant cockroach zombie (D:4)
  3 giant gecko skeletons
  5 giant newts
  A giant spore (D:12)
  A goblin zombie (Ossuary)
  9 hobgoblin zombies (Ossuary)
  A jackal zombie (Ossuary)
  17 kobolds
  9 kobold zombies (Ossuary)
  8 orc zombies (Ossuary)
  19 rats
  3 rat zombies (Ossuary)
  10 plants (Lair:2)
519 creatures vanquished.

Vanquished Creatures (collateral kills)
  A centaur warrior (D:9)
  An ugly thing (D:10)
  A manticore (D:12)
  A cyclops (D:12)
  3 fire drakes (Lair:4)
  A queen bee (D:10)
  5 basilisks (Lair:4)
  2 wyverns (Lair:4)
  3 hippogriffs (Lair:4)
  A sky beast (D:10)
  3 orc warriors
  A big kobold (D:7)
  11 killer bees (D:10)
  5 wights
  A giant frog skeleton (D:10)
  5 orcs
  A hobgoblin (D:10)
  2 kobolds (D:7)
  A quokka zombie (D:7)
49 creatures vanquished.

Vanquished Creatures (others)
  A troll (Lair:4)
  A slave (D:5)
  An ogre (D:7)
  An electric eel (Lair:3)
  A centaur zombie (D:5)
  An orc priest (D:5)
  An iguana (Lair:2)
  An orc wizard (D:5)
  A worker ant (D:5)
  An adder skeleton (D:7)
  3 orcs
13 creatures vanquished.

Grand Total: 581 creatures vanquished

Notes
Turn   | Place    | Note
--------------------------------------------------------------
     0 | D:1      | Zapata, the Kobold Berserker, began the quest for the Orb.
     0 | D:1      | Reached XP level 1. HP: 14/14 MP: 1/1
    73 | D:1      | Reached XP level 2. HP: 17/19 MP: 2/2
   426 | D:1      | Reached skill level 4 in Maces & Flails
   426 | D:1      | Reached XP level 3. HP: 23/23 MP: 3/3
   443 | D:1      | Acquired Trog's second power
   759 | D:2      | Noticed Jessica
   765 | D:2      | Killed Jessica
   847 | D:2      | Reached XP level 4. HP: 25/28 MP: 4/4
  1001 | D:2      | Reached skill level 5 in Maces & Flails
  1720 | D:3      | Noticed Purgy
  1732 | D:3      | Killed Purgy
  1732 | D:3      | Reached skill level 6 in Maces & Flails
  1732 | D:3      | Reached XP level 5. HP: 21/32 MP: 5/5
  1735 | D:3      | Reached XP level 6. HP: 19/37 MP: 6/6
  2067 | D:3      | Found a shattered altar of Ashenzari.
  2644 | D:3      | Found a deep blue altar of Sif Muna.
  2757 | D:4      | Acquired Trog's third power
  2768 | D:4      | Reached skill level 7 in Maces & Flails
  3042 | D:4      | Reached XP level 7. HP: 41/41 MP: 7/7
  3265 | D:4      | Reached skill level 8 in Maces & Flails
  3732 | D:4      | Found a glowing silver altar of Zin.
  3804 | D:5      | Entered Level 5 of the Dungeon
  4061 | D:5      | Reached XP level 8. HP: 46/46 MP: 8/8
  4136 | D:5      | Noticed Pikel
  4143 | D:5      | Killed Pikel
  4143 | D:5      | Reached skill level 10 in Maces & Flails
  4209 | D:5      | Noticed Eustachio
  4224 | D:5      | Killed Eustachio
  4493 | D:5      | Received a gift from Trog
  4559 | D:5      | Reached XP level 9. HP: 51/51 MP: 9/9
  4830 | D:5      | Found an iron altar of Okawaru.
  4931 | D:5      | Reached skill level 11 in Maces & Flails
  4942 | D:5      | Received a gift from Trog
  5595 | D:6      | Noticed Sigmund
  5603 | D:6      | Killed Sigmund
  5972 | D:6      | Found a burning altar of Makhleb.
  5972 | D:6      | Noticed a green death
  6470 | D:7      | Found a staircase to the Ecumenical Temple.
  6502 | D:7      | Reached skill level 12 in Maces & Flails
  6906 | D:7      | Found a sand-covered staircase.
  6916 | Ossuary  | Entered an ossuary
  7613 | D:7      | Reached XP level 10. HP: 52/56 MP: 10/10
  7785 | D:8      | Received a gift from Trog
  7853 | D:8      | Found a white marble altar of Elyvilon.
  7923 | D:8      | HP: 1/56 [orc warrior/battleaxe (21)]
  8116 | D:8      | Noticed a green ugly thing
  8134 | D:8      | Killed a green ugly thing
  8134 | D:8      | Reached skill level 5 in Fighting
  8372 | D:8      | Reached skill level 5 in Dodging
  9227 | D:9      | Received a gift from Trog
  9282 | D:9      | Found a bloodstained altar of Trog.
  9292 | D:9      | Found a shadowy altar of Dithmenos.
  9314 | D:9      | Noticed Blork the orc
  9322 | D:9      | Killed Blork the orc
  9478 | D:9      | Noticed a centaur warrior
  9500 | D:9      | Killed a centaur warrior
  9500 | D:9      | Reached XP level 11. HP: 52/67 MP: 11/11
  9733 | D:9      | Got a scorched buckler
  9973 | D:9      | Identified the +1 buckler of Peat Ego {-Tele +Fly rC+ rCorr SInv} (You found it on level 9 of the Dungeon)
 10325 | D:10     | Entered Level 10 of the Dungeon
 10685 | D:10     | Found a staircase to the Orcish Mines.
 10709 | D:10     | Received a gift from Trog
 10757 | D:10     | Noticed a brown ugly thing
 10767 | D:10     | Killed a brown ugly thing
 11196 | D:10     | Found a shadowy altar of Dithmenos.
 11207 | D:10     | Got a pair of distressingly furry boots
 11218 | D:10     | Identified the +2 pair of boots of Grace {Str+9} (You found it on level 10 of the Dungeon)
 11371 | D:10     | Reached skill level 13 in Maces & Flails
 11588 | D:11     | Noticed an unseen horror
 11612 | D:11     | Killed an unseen horror
 11795 | D:11     | Noticed a hill giant
 11805 | D:11     | Killed a hill giant
 11805 | D:11     | Reached XP level 12. HP: 50/76 MP: 4/12
 12091 | D:11     | Received a gift from Trog
 12172 | D:11     | Reached skill level 14 in Maces & Flails
 12256 | D:11     | Found a staircase to the Lair.
 12909 | D:12     | Reached skill level 15 in Maces & Flails
 13441 | Lair:1   | Entered Level 1 of the Lair of Beasts
 13500 | Lair:2   | Received a gift from Trog
 13519 | Lair:2   | Identified a +0 rod of shadows (11/11) (You found it on level 11 of the Dungeon)
 14125 | Lair:1   | Reached skill level 16 in Maces & Flails
 14724 | Lair:2   | Received a gift from Trog
 14780 | Lair:2   | Reached XP level 13. HP: 80/80 MP: 4/13
 14865 | Lair:2   | Noticed a seven-headed hydra
 14872 | Lair:2   | Killed a seven-headed hydra
 14872 | Lair:2   | Reached skill level 10 in Dodging
 15694 | Lair:2   | Reached skill level 10 in Fighting
 16301 | Lair:2   | Noticed Gastronok
 16314 | Lair:2   | Killed Gastronok
 16314 | Lair:2   | Reached skill level 1 in Shields
 16628 | Lair:3   | Received a gift from Trog
 16792 | Lair:3   | Reached skill level 5 in Stealth
 16811 | Lair:3   | Found a staircase to the Swamp.
 16843 | Lair:3   | Reached skill level 1 in Crossbows
 17354 | Lair:3   | Found a staircase to the Snake Pit.
 17644 | Lair:4   | Slain by a griffon

Action                   |  1- 3 |  4- 6 |  7- 9 | 10-12 | 13-15 || total
-------------------------+-------+-------+-------+-------+-------++-------
Melee: Mace              |    81 |   244 |   150 |       |       ||   475
       Whip              |       |       |   513 |   454 |       ||   967
       Morningstar       |       |       |       |   442 |   315 ||   757
Invok: Berserk           |     1 |     3 |    14 |    18 |     5 ||    41
       Trog's Hand       |       |     1 |       |       |       ||     1
       Brothers in Arms  |       |       |     1 |     7 |     1 ||     9
       Burn Spellbooks   |       |       |       |     5 |       ||     5
Evoke: Wand              |       |       |       |    11 |     7 ||    18
  Use: Scroll            |       |       |    12 |     8 |     2 ||    22
 Stab: Sleeping          |     1 |       |     2 |     6 |     8 ||    17
       Distracted        |       |       |     1 |     1 |     1 ||     3
  Eat: Chunk             |     3 |     9 |    23 |    22 |     7 ||    64
       Meat ration       |       |       |     1 |     3 |     1 ||     5
       Beef jerky        |       |       |     1 |     1 |       ||     2
